 Dungeon Crawl Stone Soup version 0.27-a0-797-g27d10ad80f (webtiles) character file.

Game seed: 296593820990847948

916 sahdkjhfkaj the Magician (level 8, -7/56 HPs)
             Began as a Djinni Transmuter on Mar 27, 2021.
             Was an Initiate of Makhleb.
             Mangled by an unseen horror (8 damage)
             ... on level 5 of the Dungeon.
             The game lasted 00:06:19 (8724 turns).

sahdkjhfkaj the Magician (Djinni Transmuter)        Turns: 8724, Time: 00:06:20

Health: -7/56      AC:  2    Str: 10    XL:     8   Next: 9%
Gold:   2452       EV: 19    Int: 16    God:    Makhleb [......] SH:  0 Dex: 19

rFire    . . .     SeeInvis .     - Unarmed
rCold    . . .     Faith    .   (shield currently unavailable)
rNeg     . . .     Spirit   .   (armour currently unavailable)
rPois    ∞         Reflect  .   (helmet currently unavailable)
rElec    .         Harm     .   (cloak currently unavailable)
rCorr    .         Rampage  .   (gloves currently unavailable)
Will     .....                  (boots unavailable)
Stlth    ++........             m - amulet of the acrobat
HPRegen  0.18/turn              (no ring)
MPRegen  0.00/turn              (no ring)

@: spider-form, flying, hasted, very quick
A: venomous fangs, flying, tiny, (fire resistance 2), (cold vulnerability 1),
float, innate caster, hp casting, extra vitality 1
a: End Transformation, Renounce Religion


You were on level 5 of the Dungeon.
You worshipped Makhleb.
Makhleb was noncommittal.
You were a venomous arachnid creature.
You visited 2 branches of the dungeon, and saw 6 of its levels.

You collected 2533 gold pieces.
You spent 81 gold pieces at shops.

Inventory:

Armour
 a - a +0 robe (melded)
 q - a +2 hat (melded)
Jewellery
 m - an amulet of the acrobat (around neck)
 r - the ring "Cuulu" {rElec rF+ Str+3 SInv}
   (You found it on level 4 of the Dungeon)

   [ring of see invisible]

   It affects your strength (+3).
   It protects you from fire.
   It insulates you from electricity.
   It lets you see invisible.
Scrolls
 b - a scroll of brand weapon {unknown}
 d - 3 scrolls of noise {unknown}
 e - a scroll of immolation {unknown}
 f - a scroll of magic mapping {unknown}
 i - a scroll of enchant armour {unknown}
 j - 4 scrolls of teleportation
 n - a scroll of amnesia {unknown}
 p - 2 scrolls of identify {unknown}
 s - a scroll of fear {unknown}
 t - a scroll of blinking {unknown}
Potions
 c - 2 potions of flight {unknown}
 g - a potion of lignification {unknown}
 h - a potion of mutation {unknown}
 k - a potion of might {unknown}
 l - 3 potions of curing {unknown}
 o - a potion of berserk rage {unknown}
 u - a potion of haste
 v - a potion of heal wounds {unknown}
 w - a potion of brilliance {unknown}
 x - 2 potions of attraction {unknown}


   Skills:
 - Level 3.5 Fighting
 - Level 2.1 Dodging
 - Level 4.5 Unarmed Combat
 + Level 6.5 Spellcasting


You couldn't memorise any spells.
You knew the following spells:

 Your Spells              Type           Power      Damage    Failure   Level
a - Beastly Appendage     Tmut           52%        N/A       4%          1
b - Wereblood             Tmut           26%        N/A       6%          2
c - Spider Form           Tmut/Pois      13%        N/A       10%         3
d - Ice Form              Ice/Tmut       26%        N/A       22%         4
e - Blade Hands           Tmut           13%        N/A       47%         5
f - Freeze                Ice            100%       1d11      4%          1
g - Poisonous Vapours     Pois/Air       52%        N/A       6%          2
h - Lesser Beckoning      Tloc           13%        N/A       10%         3
Your spell library was empty.

Dungeon Overview and Level Annotations

Branches:
Dungeon (5/15)             Temple (1/1) D:4

Altars:
Ashenzari
Cheibriados
Dithmenos
Elyvilon
Fedhas
Gozag
Hepliaklqana
Kikubaaqudgha
Makhleb
Okawaru
Qazlal
Ru
Sif Muna
Trog
Vehumet
Wu Jian
Xom
Yredelemnul
Zin
The Shining One

Shops:
D:1 !   D:4 *

Annotations:
D:5 2 runed translucent doors, noodleboyJ's ghost, weakling KoDe


Innate Abilities, Weirdness & Mutations

You are a venomous arachnid creature.
You have poisonous fangs.
You are tiny and dextrous.
You are flying.
Your spellcasting is less reliable in this form.
Your armour is entirely melded.
You are incapable of wielding weapons or throwing items.
You are immune to poison.
((Your flesh is very heat resistant. (rF++)))
((You are vulnerable to cold. (rC-)))
You float through the air rather than walking.
You learn spells naturally, not from books.
Your magical power is your life essence.
You have superior vitality. (+4 HP)


Message History

You see here a scorpion corpse.
You now have 2452 gold pieces (gained 7).
Found a leather armour.
You see here a +0 leather armour.
c - 2 bubbling clear potions (gained 1)
Found 3 javelins.
There is a strange disturbance nearby!
There is a strange disturbance nearby!
There is a strange disturbance nearby!
There is a strange disturbance nearby!
You turn into a venomous arachnid creature.
Your +2 hat melds into your body.
Your +0 robe melds into your body.
No target in view!
Deactivating autopickup; reactivate with Ctrl-A.
You closely miss something. Something hits you.
You closely miss something. Something hits you!
Something completely misses you. Something misses you.
You hit something but do no damage. Something hits you but does no damage.
You hit something. Something barely misses you. Something hits you.
You hit something. Something hits you! Something misses you.
You closely miss something. Something closely misses you. Something hits you!
You barely miss something. Something closely misses you. Something misses you.
Something closely misses you. Something hits you.
Your transformation is almost over.
Something hits you but does no damage. Something misses you.
Something completely misses you. Something hits you.
Casting: Spider Form (dangerous; 10% risk of failure)
Confirm with . or Enter, or press ? or * to list all spells.
You extend your transformation's duration.
Something hits you. x2
* * * LOW HITPOINT WARNING * * *
You closely miss something. Something hits you!
* * * LOW HITPOINT WARNING * * *
Unknown command.
You feel yourself speed up. Something hits you!
You die...

...####.... ##.#.....#
...#....... ##.......#
........######## #.......#.
.....##........#####..##.....
..#####..........##..## #....
.## #..........##..## #... .#
##.........###..# ... ##
#.........###..##### .. #
##...[.....##s.###..#
####.........##...#....##
...##.......###..#......##
##.........###..#........##
#####.........#..........#
##..#####............# ####
##..........## ##.......###
#......##


There were no monsters in sight!

Vanquished Creatures
  Eustachio (D:5)
  Menkaure (D:4)
  Edmund (D:4)
  A black bear (D:4)
  A centaur (D:5)
  A bullfrog (D:2)
  A scorpion (D:5)
  2 iguanas
  An orc wizard (D:4)
  A statue (D:4)
  2 hound skeletons (D:4)
  4 adders
  An adder skeleton (D:4)
  A worm (D:4)
  7 orcs
  6 bats
  9 endoplasms
  4 giant cockroaches
  12 goblins
  3 hobgoblins
  16 jackals
  7 quokkas
  9 ball pythons
  3 frilled lizards (D:3)
  A jackal skeleton (D:4)
  8 kobolds
  4 rats
108 creatures vanquished.

Notes
Turn   | Place    | Note
-------+----------+-------------------------------------------
     0 | D:1      | sahdkjhfkaj the Djinni Transmuter began the quest for the
                  | Orb.
     0 | D:1      | Reached XP level 1. HP: 17/17 MP: 0/0
   364 | D:1      | Reached XP level 2. HP: 16/23 MP: 0/0
   473 | D:1      | Found Icsom's Distillery.
  1704 | D:1      | Reached XP level 3. HP: 25/28 MP: 0/0
  1704 | D:1      | Learned a level 1 spell: Freeze
  2215 | D:2      | Reached skill level 2 in Spellcasting
  3079 | D:2      | Reached XP level 4. HP: 28/33 MP: 0/0
  3268 | D:2      | Noticed a bullfrog
  3277 | D:2      | Killed a bullfrog
  3278 | D:2      | Reached skill level 3 in Spellcasting
  3278 | D:2      | Reached XP level 5. HP: 17/38 MP: 0/0
  3278 | D:2      | Learned a level 2 spell: Poisonous Vapours
  3523 | D:2      | Identified Horph's Collected Works on the Dusty Voyage
  3622 | D:2      | Found a glowing silver altar of Zin.
  4021 | D:3      | Found a stormy altar of Qazlal.
  4023 | D:3      | Found a shimmering altar of Xom.
  4025 | D:3      | Found a snail-covered altar of Cheibriados.
  4119 | D:3      | HP: 1/38 [iguana (8)]
  5124 | D:3      | Found a broken altar of Ashenzari.
  5125 | D:3      | Found a white marble altar of Elyvilon.
  5423 | D:4      | Found a staircase to the Ecumenical Temple.
  5429 | Temple   | Entered the Ecumenical Temple
  5535 | Temple   | Became a worshipper of Makhleb the Destroyer
  5582 | D:4      | Identified the ring "Cuulu" {rElec rF+ Str+3 SInv}
  5781 | D:4      | Noticed a black bear
  6196 | D:4      | Reached XP level 6. HP: 44/46 MP: 0/0
  6910 | D:4      | Noticed Menkaure
  6918 | D:4      | Killed Menkaure
  6919 | D:4      | Reached skill level 4 in Spellcasting
  6919 | D:4      | Reached XP level 7. HP: 18/50 MP: 0/0
  6919 | D:4      | Learned a level 3 spell: Lesser Beckoning
  7230 | D:4      | Found Weungacecw's Assorted Antiques.
  7261 | D:4      | Bought a scroll labelled HUSHRI SIPYXETS for 27 gold pieces
  7261 | D:4      | Bought a scroll labelled KASEWY MEYCU for 27 gold pieces
  7261 | D:4      | Bought a scroll labelled MAJUSA VIZETOS for 27 gold pieces
  7262 | D:4      | Identified 2 scrolls of acquirement
  7262 | D:4      | Acquired 1218 gold pieces
  7264 | D:4      | Acquired 1132 gold pieces
  7417 | D:4      | Noticed Edmund
  7430 | D:4      | Killed Edmund
  7431 | D:4      | Reached skill level 5 in Spellcasting
  8202 | D:5      | Entered Level 5 of the Dungeon
  8216 | D:5      | Found a runed translucent door.
  8223 | D:5      | Noticed noodleboyJ's ghost (weakling KoDe)
  8448 | D:5      | Found a runed translucent door.
  8467 | D:5      | Noticed Eustachio
  8484 | D:5      | Killed Eustachio
  8485 | D:5      | Reached skill level 6 in Spellcasting
  8485 | D:5      | Reached XP level 8. HP: 39/56 MP: 0/0
  8723 | D:5      | HP: 1/56 [something (11)]
  8724 | D:5      | Mangled by an unseen horror

Illustrated notes

Levels and vault maps discovered:
D:1:      eino_arrival_cavern_a, layout_basic, serial_shops, shop_fountains,
          serial_corexii_hall, corexii_hall_statues_deadend,
          chequers_hall_statues_wall_a, hangedman_decor_points, minivault_11
D:2:      layout_loops_corners, zin_statuary
D:3:      layout_basic, nicolae_overflow_hidden_temple
D:4:      layout_basic, vehumet_statue, minmay_temple_entry_mini_moons,
          serial_shops, nicolae_shop_crystal, serial_park_tiny_1, uniq_menkaure,
          uniq_edmund
D:5:      layout_cave_pods, ebering_ghost_sewer_f, uniq_eustachio
Temple:   dshaligram_water_room_temple

Skill      XL: |  1  2  3  4  5  6  7 |
---------------+----------------------+-----
Fighting       | 2 3 |  3.5
Spellcasting   | 2 3 4 6 |  6.5
Unarmed Combat | 4 |  4.5
Dodging        | |  2.1

Action                   |  1- 3 |  4- 6 |  7- 9 || total
-------------------------+-------+-------+-------++-------
Melee: Unarmed           |   158 |   159 |    68 ||   385
       Headbutt          |    20 |       |       ||    20
       Punch             |       |     2 |       ||     2
 Cast: Beastly Appendage |    47 |     1 |       ||    48
       Spider Form       |     1 |    35 |    17 ||    53
 Abil: End Transformatio |       |     1 |       ||     1
  Use: Scroll            |       |       |     3 ||     3
       Potion            |       |       |     1 ||     1
 Stab: Sleeping          |     1 |     4 |       ||     5
Armor: Robe              |    35 |     8 |       ||    43
       Skin              |       |     3 |     6 ||     9
Dodge: Dodged            |   128 |   150 |    75 ||   353

Table legend: (Time is in decaauts)
 A = Elapsed time spent in this place.
 B = Non-inter-level travel time spent in this place.
 C = Inter-level travel time spent in this place.
 D = Time resting spent in this place.
 E = Time spent auto-exploring this place.
 F = Levels seen in this place.
 G = Mean time per level.
                   A        B        C        D        E       F      G
               +--------+--------+--------+--------+--------+-----+--------+
         Total |   8698 |   8452 |    246 |    595 |   6839 |   6 | 1449.7 |
       Dungeon |   8578 |   8381 |    197 |    595 |   6770 |   5 | 1715.6 |
        Temple |    119 |     70 |     49 |      0 |     69 |   1 |  119.0 |
               +--------+--------+--------+--------+--------+-----+--------+

Top non-repeatable levels by time:
     D:4: 2203 daAuts
     D:1: 2061 daAuts
     D:3: 1961 daAuts
     D:2: 1833 daAuts
     D:5: 519 daAuts
  Temple: 119 daAuts
